 Dungeon Crawl Stone Soup version 0.26-a0-572-g753d7e3450 (webtiles) character file.

Game seed: 10053391936945150437

120 Minion the Slasher (level 5, -3/32 HPs)
             Began as a Tengu Delver on Aug 21, 2020.
             Slain by a hippogriff (7 damage)
             ... on level 5 of the Dungeon.
             The game lasted 00:01:28 (1322 turns).

Minion the Slasher (Tengu Delver)                   Turns: 1322, Time: 00:01:29

Health: -3/32      AC:  5    Str: 14    XL:     5   Next: 4%
Magic:  6/6        EV: 12    Int: 10    God:
Gold:   0          SH:  0    Dex: 15    Spells: 4/4 levels left

rFire    . . .     SeeInvis .   a - +0 falchion
rCold    . . .     Faith    .   (no shield)
rNeg     . . .     Spirit   .   b - +0 leather armour
rPois    .         Reflect  .   (helmet restricted)
rElec    .         Harm     .   j - +0 cloak
rCorr    .                      k - +0 pair of gloves
MR       .....                  (boots unavailable)
Stlth    +++.......             (no amulet)
HPRegen  0.10/turn              (no ring)
MPRegen  0.10/turn              (no ring)

@: no status effects
A: beak, talons 3, able to fly
a: Fly


You were on level 5 of the Dungeon.
You visited 1 branch of the dungeon, and saw 1 of its levels.

Inventory:

Hand Weapons
 a - a +0 falchion (weapon)
Armour
 b - a +0 leather armour (worn)
 j - a +0 cloak (worn)
 k - a +0 pair of gloves (worn)
Wands
 g - a wand of digging (3)
Scrolls
 c - a scroll of fog
 d - 2 scrolls of magic mapping
 e - a scroll of fear
 i - a scroll of remove curse {unknown}
Potions
 f - 2 potions of haste
 h - a potion of curing {unknown}


   Skills:
 - Level 3.0 Fighting
 + Level 5.5 Long Blades
 - Level 2.1 Dodging
 - Level 5.0 Stealth


You had 4 spell levels left.
You didn't know any spells.
Your spell library was empty.

Dungeon Overview and Level Annotations

Branches:
Dungeon (5/15)
 Temple: D:4-7

Altars:


Innate Abilities, Weirdness & Mutations

You have a beak for a mouth.
You have claws for feet.
You can fly continuously.


Message History

The hippogriff misses you. The hippogriff claws you.
You are too injured to fight recklessly!
You are too injured to fight recklessly!
You hit the hippogriff. You claw the hippogriff.
The hippogriff is severely wounded.
The hippogriff closely misses you.
The hippogriff pecks you but does no damage.
The hippogriff claws you.
You hit the hippogriff. You claw the hippogriff.
The hippogriff is severely wounded.
The hippogriff closely misses you.
The hippogriff pecks you but does no damage.
The hippogriff barely misses you.
You hit the hippogriff.
You peck the hippogriff, but do no damage.
The hippogriff is almost dead.
The hippogriff bites you!
* * * LOW HITPOINT WARNING * * *
The hippogriff barely misses you. The hippogriff claws you!
You die...

............####.##.....##......#
............####.##......#......#
............##..................#
............##..................#
............##..................#
............##............#.#####
............##..............#
............####.#########..# #@#
#..# #.H...... ##.##### #########
#>..... #######


You could see a hippogriff.

Vanquished Creatures
  A water moccasin skeleton (D:5)
  2 iguanas (D:5)
  An adder (D:5)
  An ufetubus (D:5)
  2 orcs (D:5)
  2 jackals (D:5)
  A jackal skeleton (D:5)
  A quokka skeleton (D:5)
11 creatures vanquished.

Notes
Turn   | Place    | Note
-------+----------+-------------------------------------------
     0 | D:5      | Minion the Tengu Delver began the quest for the Orb.
     0 | D:5      | Reached XP level 1. HP: 14/14 MP: 2/2
   316 | D:5      | Reached XP level 2. HP: 19/19 MP: 3/3
   340 | D:5      | Reached XP level 3. HP: 12/23 MP: 4/4
   626 | D:5      | Reached XP level 4. HP: 28/28 MP: 5/5
   721 | D:5      | Reached skill level 5 in Long Blades
   891 | D:5      | Gained mutation: You can fly continuously. [Tengu growth]
   891 | D:5      | Reached XP level 5. HP: 15/32 MP: 6/6
  1314 | D:5      | Noticed a hippogriff
  1322 | D:5      | Slain by a hippogriff

Illustrated notes

Levels and vault maps discovered:
D:5:      layout_basic, mrwooster_statue_mirror

Skill      XL: |  1  2  3  4 |
---------------+-------------+-----
Long Blades    | 4 5 |  5.5
Fighting       | |  3.0
Dodging        | |  2.1
Stealth        | |  5.0

Action                   |  1- 3 |  4- 6 || total
-------------------------+-------+-------++-------
Melee: Falchion          |    17 |    23 ||    40
       Peck              |     4 |     5 ||     9
       Kick              |     7 |    13 ||    20
 Stab: Sleeping          |     2 |     2 ||     4
Armor: Leather armour    |     6 |     9 ||    15
Dodge: Dodged            |    11 |    16 ||    27
       Rpst.: Falchion   |     7 |     3 ||    10

Table legend: (Time is in decaauts)
 A = Elapsed time spent in this place.
 B = Non-inter-level travel time spent in this place.
 C = Inter-level travel time spent in this place.
 D = Time resting spent in this place.
 E = Time spent auto-exploring this place.
 F = Levels seen in this place.
 G = Mean time per level.
                   A        B        C        D        E       F      G
               +--------+--------+--------+--------+--------+-----+--------+
         Total |   1324 |   1324 |      0 |    800 |    404 |   1 | 1324.0 |
       Dungeon |   1324 |   1324 |      0 |    800 |    404 |   1 | 1324.0 |
               +--------+--------+--------+--------+--------+-----+--------+

Top non-repeatable levels by time:
     D:5: 1324 daAuts
